Cogmind - Beta 9.2 @@@ ROGUE MODE // 2019.11.13 @ 19:33:37 Player: Soraya Result: Destroyed by Y-45 Defender with Beam Rifle Performance ------------- Evolutions (2) 1000 Regions Visited (3) 600 Robots Destroyed (41) 205 Value Destroyed (985) 985 Prototype IDs (7) 140 Alien Tech Used (0) 0 Bonus (0) 0 TOTAL SCORE: 2930 Bonus ------- None Cogmind --------- Core Integrity 0/550 Matter 300/300 Energy 100/100 System Corruption 0% Temperature Cool (9) Movement Core (150) Ox2 Location -8/Materials Parts ------- > --- POWER (1) -------- (None) > --- PROPULSION (4) --- (None) > --- UTILITY (4) ------ Medium Storage Unit Core Shielding > --- WEAPON (2) ------- (None) > --- INVENTORY (8) ---- (None) Peak State ------------ > --- POWER ------------ Light Nuclear Core > --- PROPULSION ------- Light Treads Aluminum Leg Aluminum Leg Aluminum Leg > --- UTILITY ---------- Improved Heat Sink Core Shielding Light Armor Plating Light Armor Plating > --- WEAPON ----------- Beam Rifle Heavy Assault Rifle > --- INVENTORY -------- Beam Rifle Mini Grenade Launcher [Rating: 17] Favorites ----------- Power Light Nuclear Core Engine Light Ion Engine Power Core Light Nuclear Core Propulsion Aluminum Leg Treads Light Treads Leg Aluminum Leg Utility Core Shielding Device Heat Sink Storage Small Storage Unit Processor Targeting Computer Protection Core Shielding Weapon EM Pulse Gun Energy Gun EM Pulse Gun Ballistic Gun Light Assault Rifle Launcher Mini Grenade Launcher Slashing Weapon Katana Build | -11 -10 -9 -8 ------- Run | Scr Mat Mat Mat Slots Evolved 4 | . . 2 2 Power . | . . . . Propulsion 2 | . . 2 . Utility 2 | . . . 2 Weapon . | . . . . Parts Attached 52 | 6 11 24 11 Power 5 | 1 2 2 . Engine 3 | 1 1 1 . Core 2 | . 1 1 . Reactor . | . . . . Propulsion 17 | 2 2 11 2 Treads 4 | . 2 1 1 Leg 13 | 2 . 10 1 Wheel . | . . . . Hover . | . . . . Flight . | . . . . Utility 11 | 1 3 2 5 Device 4 | . 1 1 2 Storage 2 | 1 . . 1 Processor 1 | . 1 . . Hackware . | . . . . Protection 4 | . 1 1 2 Artifact . | . . . . Weapon 19 | 2 4 9 4 Energy Gun 12 | . 3 8 1 Energy Cannon . | . . . . Ballistic Gun 4 | 2 1 . 1 Ballistic Cannon . | . . . . Launcher 2 | . . 1 1 Special Weapon . | . . . . Impact Weapon . | . . . . Slashing Weapon 1 | . . . 1 Piercing Weapon . | . . . . Special Melee Weapon . | . . . . Unidentified Prototypes 1 | . . 1 . Parts Lost 23 | . 3 3 17 Power 4 | . 1 2 1 Propulsion 8 | . 1 1 6 Utility 5 | . 1 . 4 Weapon 6 | . . . 6 Highest Loss Streak 14 | . 3 2 14 Average Slot Usage (%) 93 | . 94 94 81 Engine 6 | . 11 . . Core 5 | . 2 9 6 Treads 15 | . 18 15 3 Leg 16 | . 9 24 28 Device 7 | . 5 8 8 Storage 5 | . 11 . 3 Processor 1 | . 3 . . Protection 8 | . 2 13 16 Energy Gun 17 | . 15 21 11 Ballistic Gun 6 | . 12 . 3 Naked Turns . | . . . . Heaviest Build 26 | 10 12 14 26 Greatest Support 60 | 20 40 60 40 Greatest Overweight (x) 3 | . 1 . 3 Average Overweight (x) . | . . . . Largest Inventory Capacity 8 | 6 6 4 8 Average Capacity 4 | 5 5 4 5 Most Carried 6 | 6 6 4 4 Average Carried 4 | 3 5 3 2 Final Capacity 8 | 6 4 4 8 Final Carried 6 | 6 4 4 . Class Distribution -------------------- 71% | Mutant 28% | Scavenger-Mutant Dominant Class ---------------- Mutant | -10/Materials Scavenger-Mutant | -9/Materials Scavenger-Mutant | -8/Materials Resources | -11 -10 -9 -8 ----------- Run | Scr Mat Mat Mat Matter Collected 885 | 162 418 180 125 Remotely . | . . . . Salvage Created 1518 | . 565 853 100 Parts 93 | . 30 57 6 Haulers Intercepted 1 | . 1 . . Recyclers Shooed 2 | . 2 . . Parts Field Recycled . | . . . . Retrieved Matter . | . . . . Parts Self-Destructed . | . . . . Prevented . | . . . . Kills | -11 -10 -9 -8 ------- Run | Scr Mat Mat Mat Combat Hostiles Destroyed 29 | . 11 16 2 Guns 28 | . 11 15 2 AOE 1 | . . 1 . Classes Destroyed 10 | . 6 3 1 Worker 1 | . . 1 . Builder 1 | . . 1 . Hauler 1 | . 1 . . Recycler 3 | . 2 1 . Operator 1 | . 1 . . Watcher 5 | . 2 3 . Swarmer 9 | . 6 3 . Grunt 15 | . 5 10 . Duelist 1 | . . . 1 Sentry 4 | . . 3 1 Best Kill Streak 5 | . 4 5 1 Combat Bots Only 3 | . 3 3 1 Max Kills in Single Turn 2 | . 2 2 1 Gunslinging . | . . . . Exploded 1 | . . 1 . Melee . | . . . . Uniques/NPCs Destroyed . | . . . . Combat | -11 -10 -9 -8 -------- Run | Scr Mat Mat Mat Damage Taken 3013 | . 693 659 1661 Core 704 | . 117 28 559 Absorbed by Shields . | . . . . Core Remaining (%) 82 | 100 53 93 . Volleys Fired 150 | . 79 58 13 Largest 2 | . 2 2 2 Hottest 96 | . 90 96 96 Shots Fired 299 | . 158 116 25 Gun 298 | . 158 116 24 Cannon . | . . . . Launcher 1 | . . . 1 Special . | . . . . Kinetic 125 | . 115 . 10 Thermal 103 | . 33 58 12 Explosive 1 | . . . 1 Electromagnetic 70 | . 10 58 2 Robot Hit Streak 19 | . 10 19 11 Robot Miss Streak 8 | . 8 7 4 Penetration Max . | . . . . Secondary Targets 4 | . 2 2 . Max Gunslinging Chain 1 | . 1 1 . Shots Hit Robots 182 | . 82 78 22 Core Hits 73 | . 30 33 10 Critical Hits . | . . . . Critical Kills . | . . . . Critical Parts Destroyed . | . . . . Melee Attacks 5 | . . . 5 Impact . | . . . . Slashing 5 | . . . 5 Piercing . | . . . . Sneak Attacks . | . . . . Combat Hostiles . | . . . . Follow-up Attacks . | . . . . Damage Inflicted 2764 | . 1014 1132 618 Guns 2243 | . 937 1065 241 Cannons . | . . . . Explosions 387 | . 72 60 255 Melee 122 | . . . 122 Ramming 12 | . 5 7 . Kinetic 692 | . 603 . 89 Thermal 923 | . 297 497 129 Explosive 255 | . . . 255 Electromagnetic 760 | . 109 628 23 Impact . | . . . . Slashing 122 | . . . 122 Piercing . | . . . . Highest Corruption 7 | . 7 . . Average Corruption 2 | . 2 . . Corruption Purged . | . . . . Effects 5 | . 5 . . Heat Flow Errors 3 | . 3 . . Energy Discharges 2 | . 2 . . Overload Shots . | . . . . Overflow Damage 55 | . . . 55 Projectiles . | . . . . Explosions 37 | . . . 37 Melee 18 | . . . 18 Knockbacks . | . . . . Impact . | . . . . Kinetic . | . . . . Secondary . | . . . . Self-Inflicted Damage 14 | . 1 3 10 Shots 1 | . . . 1 Rammed 3 | . 2 1 . Targets Rammed 3 | . 2 1 . Kicked . | . . . . Crushed . | . . . . Highest Temperature 229 | . 229 189 9 Average Temperature 44 | . 49 44 4 Received Heat Transfer 1194 | . 162 249 783 Siege Activations . | . . . . Robots Corrupted . | . . . . Combat Hostiles . | . . . . Parts Fried 1 | . 1 . . Impact Corruptions . | . . . . Robots Melted . | . . . . Combat Hostiles . | . . . . Parts Melted 2 | . 1 1 . Heat Transferred 2359 | . 816 1210 333 Parts Sabotaged . | . . . . Parts Stolen . | . . . . Parts Stripped . | . . . . Power Chain Reactions 2 | . 1 1 . Missiles Intercepted . | . . . . Alert | -11 -10 -9 -8 ------- Run | Scr Mat Mat Mat Peak Influence 389 | . 194 389 125 Average Influence 98 | . 69 141 105 Maximum Alert Level 1 | . . 1 . Low Security (%) 84 | 100 100 61 100 Level 1 15 | . . 38 . Level 2 . | . . . . Level 3 . | . . . . Level 4 . | . . . . Level 5 . | . . . . High Security . | . . . . Max Security . | . . . . Squads Dispatched 5 | . 2 1 2 Investigation 1 | . 1 . . Extermination . | . . . . Reinforcement 4 | . 1 1 2 Assault . | . . . . Garrison . | . . . . Intercept . | . . . . Construction Impeded 1 | . . . 1 Haulers Reinforced . | . . . . Stealth | -11 -10 -9 -8 --------- Run | Scr Mat Mat Mat Distress Signals 9 | . 3 4 2 Communications Jammed . | . . . . Distress Signals . | . . . . Times Spotted 62 | . 23 27 12 Peak Tracking Total 10 | . 4 5 10 Tactical Retreats 1 | . . 1 . Traps | -11 -10 -9 -8 ------- Run | Scr Mat Mat Mat Traps Triggered 5 | . 5 . . Indirectly . | . . . . Trap Hack Attempts . | . . . . Triggered . | . . . . Disarmed . | . . . . Reprogrammed . | . . . . Reused . | . . . . Traps Extracted . | . . . . Installed . | . . . . Triggered . | . . . . Machines | -11 -10 -9 -8 ---------- Run | Scr Mat Mat Mat Machines Disabled 1 | . . 1 . Max in Single Turn 1 | . . 1 . Machines Sabotaged . | . . . . Garrisons Compromised . | . . . . Overloaded Fab Kills . | . . . . Fab Network Shutdowns . | . . . . Hacking | -11 -10 -9 -8 --------- Run | Scr Mat Mat Mat Machines Accessed 12 | . 7 5 . Terminals 10 | . 6 4 . Fabricators . | . . . . Repair Stations 2 | . 1 1 . Recycling Units . | . . . . Scanalyzers . | . . . . Garrison Access . | . . . . Total Hacks 26 | . 11 15 . Successful 18 | . 6 12 . Failed 8 | . 5 3 . Catastrophic 1 | . 1 . . Database Lockouts . | . . . . Manual . | . . . . Terminals 23 | . 10 13 . Fabricators . | . . . . Repair Stations 3 | . 1 2 . Recycling Units . | . . . . Scanalyzers . | . . . . Garrison Access . | . . . . Terminal Hacks 15 | . 5 10 . Robot Analysis 1 | . 1 . . Prototype ID Bank 3 | . 1 2 . Branch Access Points 1 | . . 1 . Emergency Access Points 1 | . . 1 . Locate Traps 3 | . . 3 . Dispatch Records 2 | . 1 1 . Reinforcement Status 1 | . 1 . . Hauler Manifests 3 | . 1 2 . Fabricator Hacks . | . . . . Repair Station Hacks 3 | . 1 2 . Scan Component 2 | . 1 1 . Repair 1 | . . 1 . Recycling Unit Hacks . | . . . . Scanalyzer . | . . . . Garrison Access Hacks . | . . . . Unauthorized Hacks . | . . . . Terminals . | . . . . Fabricators . | . . . . Repair Stations . | . . . . Recycling Units . | . . . . Scanalyzers . | . . . . Garrison Access . | . . . . Data Cores Recovered 1 | . 1 . . Used . | . . . . Hacking Detections 7 | . 5 2 . Full Trace Events . | . . . . Feedback Events . | . . . . Feedback Blocked . | . . . . Robot Schematics Acquired . | . . . . Robots Built . | . . . . Matter . | . . . . Time . | . . . . Total Robot Build Rating . | . . . . Part Schematics Acquired . | . . . . Parts Built . | . . . . Matter . | . . . . Time . | . . . . Total Part Build Rating . | . . . . Parts Repaired 1 | . . 1 . Time 26 | . . 26 . Parts Recycled . | . . . . Recycled Matter . | . . . . Retrieved Matter . | . . . . Retrieved Components . | . . . . Parts Scanalyzed . | . . . . Part Schematics Acquired . | . . . . Parts Damaged . | . . . . Bothacking | -11 -10 -9 -8 ------------ Run | Scr Mat Mat Mat Used RIF Installer . | . . . . Robots Hacked . | . . . . Non-combat . | . . . . Combat . | . . . . Robot Hacks Applied . | . . . . Relay Couplers Released . | . . . . Robots Rewired . | . . . . Allies Hacked . | . . . . Hacks Repelled . | . . . . Allies | -11 -10 -9 -8 -------- Run | Scr Mat Mat Mat Total Allies . | . . . . Largest Group . | . . . . Highest-Rated Group . | . . . . Highest-Rated Ally . | . . . . Total Orders . | . . . . Ally Attacks . | . . . . Total Damage . | . . . . Kills . | . . . . Allies Corrupted . | . . . . Allies Melted . | . . . . Intel | -11 -10 -9 -8 ------- Run | Scr Mat Mat Mat Robot Analysis Total 1 | . 1 . . Derelict Logs Recovered . | . . . . Drone Launches . | . . . . Drone Recoveries . | . . . . Exploration | -11 -10 -9 -8 ------------- Run | Scr Mat Mat Mat Turns Passed 2444 | 89 1187 987 181 Spaces Moved 1288 | 72 628 513 75 Core 25 | 18 . . 7 Treads 663 | . 432 231 . Legs 600 | 54 196 282 68 Wheels . | . . . . Hover . | . . . . Flight . | . . . . Fastest Speed 50 | 50 120 120 120 Average Speed 139 | 102 147 138 123 Slowest Speed 200 | 120 160 160 200 Overloaded Moves . | . . . . Propulsion Burnouts . | . . . . Robots Hopped . | . . . . Cave-ins Triggered . | . . . . Exploration Rate (%) 37 | 4 91 48 8 Regions Visited 3 Branch Regions . Pre-discovered Areas . | . . . . Known Exits Taken . | . . . . Unknown Exits Taken 3 | 1 1 1 . Scrap Searched . | . . . . Spaces Dug . | . . . . Terrain Destroyed 12 | . 2 . 10 Melee . | . . . . Projectile . | . . . . AOE 12 | . 2 . 10 Actions | -11 -10 -9 -8 --------- Run | Scr Mat Mat Mat Total 1633 | 85 741 677 130 Wait 78 | . 3 55 20 Move 1285 | 71 627 512 75 Hop . | . . . . Pick Up 34 | 8 10 10 6 Fast Attach 13 | 4 1 8 . Attach 22 | 2 5 5 10 Detach 1 | . . 1 . Swap 17 | . 5 11 1 Drop 25 | . 9 16 . Fire 150 | . 79 58 13 Melee 5 | . . . 5 Ram . | . . . . Kick 2 | . 1 1 . Crush 1 | . 1 . . Escape Stasis . | . . . . Rewire . | . . . . Trap . | . . . . Miscellaneous . | . . . . Route ------- -11/Scrapyard -10/Materials (discovered 4 exits: *Mat x3 / [*Min]) -9/Materials (discovered 3 exits: [*Mat] / *Min / Sto) -8/Materials History --------- Turn | Location | Event 10 | -11/Scrapyard | Discovered new exit (range 16) 90 | -11/Scrapyard | Entered Materials 316 | -10/Materials | Build established: Mutant 382 | -10/Materials | Discovered new exit (range 15) 493 | -10/Materials | Lost 3 parts (1p1n1u) 626 | -10/Materials | Discovered new exit (range 12) 877 | -10/Materials | Discovered new exit (range 9) 914 | -10/Materials | Discovered new exit (range 15) 1277 | -10/Materials | Entered another Materials area 1277 | -9/Materials | Evolved 2 slots: Propulsion x2 1336 | -9/Materials | Identified exit to Mines 1336 | -9/Materials | Identified exit to Storage 2010 | -9/Materials | Build established: Scavenger-Mutant 2151 | -9/Materials | Repaired Aluminum Leg 2260 | -9/Materials | Discovered new exit (range 3) 2264 | -9/Materials | Entered another Materials area 2264 | -8/Materials | Evolved 2 slots: Utility x2 2372 | -8/Materials | Lost 3 parts (1n1u1w) 2429 | -8/Materials | Core integrity fell below 50% 2435 | -8/Materials | Core integrity fell below 20% 2445 | -8/Materials | Destroyed by Y-45 Defender with Beam Rifle Last Messages --------------- Imp. Heat Sink destroyed. Destroyed Particle Gun. Mni. Grenade Launcher destroyed. Destroyed Mni. Grenade Launcher. U-05 Engineer builds a Wall. K-01 Serf collects debris. ALERT: Construction progress impeded, dispatching reinforcements to local area. K-01 Serf collects debris. U-05 Engineer builds a Wall. The unstable cave ceiling collapses. Acquired Imp. Aluminum Leg. G-47 Trooper destroyed. K-01 Serf collects debris. Imp. Aluminum Leg destroyed. K-01 Serf collects debris. U-05 Engineer lays Concrete. Acquired 25 matter. U-05 Engineer lays Concrete. K-01 Serf collects debris. Map ----- +----------------------------------------------------+ | ?????????????????????????????????????????????????? | | ?????????????????????????????????????????????????? | | ?????????????????????????????????????????????????? | | ?????????????????????????????????????????????????? | | ?????????????????????????????????????????????????? | | ?????????????????????????????????????????????????? | | ?????????????????????????????????????????????????? | | ?????????????????????????????????????????????????? | | ?????????????????????????????????????????????????? | | ?????????????????????????????????????????????????? | | ?????????????????????????????????????????????????? | | ?????????????????????????????????????????????????? | | ?????????????????????????????????????????????????? | | ???????????????????????""????????????????????????? | | ???????????????????????""????????????????????????? | | ??????????????????????? ????????????????????????? | | ??????????????????????? ????????????????????????? | | ??????????????????????##/##??????????????????????? | | ?????????????###/###### k ??????????????????????? | | ???????????? + ??????????????????????? | | ???????????? # k??????????????????????? | | ?????????????? + #??????????????????????? | | ???????????????? #u ####??????????????????? | | ??????????????????? # ##!!##?????????????????? | | ????????????????????##g = # !#?????????????????? | | ????????????????????# g@g !#?????????????????? | | ????????????????????# = !#?????????????????? | | ????????????????????# gY #?????????????????? | | ????????????????????# !!##?????????????????? | | ????????????????????## ####?????########?????? | | ?????????????????????## ##????????# """ #?????? | | ???????????????????#??# #?????????# """ #?????? | | ??????????????????????# #?????????# """ #?????? | | ??????????????????????# #?????????# #?????? | | ??????????????????????# #?????????#= #?????? | | ??????????????????????# #?????????# #?????? | | ??????????????????????# ##############+######### | | ??????????????????????# | | ??????????????????????# | | ??????????????????????# ! | | ??????????????????????####+####################+## | | ??????????????? ???????# #?????????# | | ???????????????????????# #?????????# | | ???????????????????????# """ #?????????# | | ???????????????????????# """ #?????????# """ """ | | ???????????????????????# """ #?????????# """ """ | | ???????????????????????# ##????????# """ """ | | ???????????????????????########??????#??########## | | | | | +----------------------------------------------------+ Best States ------------- Heat Dissipation 45 Energy Generation 14 Energy Capacity 160 Matter Stores 300 Matter Capacity 300 Sight Range 16 Terrain Scan Range 14 Terrain Scan Density 10 Armor Coverage 300 Core Shielding 20 Evasion (%) 50 Targeting Accuracy 5 Recoil Reduction 3 Item Schematics ----------------- None Robot Schematics ------------------ None Fabricated ------------ Nothing Alien Tech Used ----------------- None Achievements -------------- None Challenges ------------ None Game ------ Seed OverloadPhaseScanner Manual? 0 Play Time 00:49:55 Cumulative 14.0 hours Start 2019.11.12 @ 22:59:13 End 2019.11.13 @ 19:33:37 Sessions 3 Manual Loads 0 Difficulty Rogue Special Mode None Game No. 12 Rogue 9 Adventurer 1 Explorer 2 Win Type - Total 0 Types 0/0/0/0/0/0/0 Lore% 16 Gallery% 15 Achievement% 11 Wizard Run 0 Options --------- ASCII 0 Keyboard 0 Movement Arrows Keybinds 0 Fullscreen 2 Font 18/Terminus Map View 76x50 Tactical HUD 0 Map Filters NONE Filters NONE Steam 1 RUN: cb3a6e74-ed30-4879-8866-3f5cd010c44f